 Dungeon Crawl Stone Soup version 0.24-a0-93-ge1bfdf8 (webtiles) character file.

Game seed: 7914792856087734727

85 MalarOregon the Poker (level 4, 0/35 HPs)
             Began as a Merfolk Fighter on Feb 11, 2019.
             Succumbed to an adder's poison
             ... on level 2 of the Dungeon.
             The game lasted 00:02:29 (1476 turns).

MalarOregon the Poker (Merfolk Fighter)             Turns: 1476, Time: 00:02:30

Health: 0/35       AC:  6    Str: 21    XL:     4   Next: 48%
Magic:  4/4        EV:  7    Int:  8    God:
Gold:   58         SH: 10    Dex: 13    Spells: 3/3 levels left

rFire    . . .     SeeInvis .   a - +0 trident
rCold    . . .     Gourm    .   c - +0 shield
rNeg     . . .     Faith    .   b - +0 scale mail
rPois    .         Spirit   .   (no helmet)
rElec    .         Reflect  .   (no cloak)
rCorr    .         Harm     .   (no gloves)
MR       .....                  (no boots)
Stlth    ..........             (no amulet)
HPRegen  0.11/turn              (no ring)
MPRegen  0.09/turn              (no ring)

@: mighty, lethally poisoned (0 -> -10)
A: change form in water, swift swim, stealthy swim
a: no special abilities


You were on level 2 of the Dungeon.
You were not hungry.

You visited 1 branch of the dungeon, and saw 2 of its levels.

You collected 58 gold pieces.

Inventory:

Hand Weapons
 a - a +0 trident (weapon)
Armour
 b - a +0 scale mail (worn)
 c - a +0 shield (worn)
Scrolls
 f - a scroll of remove curse {unknown}
 g - 4 scrolls of identify {unknown}
 h - a scroll of teleportation {unknown}
 i - a scroll of random uselessness {unknown}
 j - a scroll of enchant armour {unknown}
Comestibles
 e - 4 rations {!d}


   Skills:
 - Level 3.2 Fighting
 + Level 5.1 Polearms
 - Level 2.1 Armour
 + Level 4.2 Shields


You had 3 spell levels left.
You didn't know any spells.
Your spell library was empty.

Dungeon Overview and Level Annotations

Branches:
Dungeon (2/15)

Altars:


Message History

You barely miss the adder.
The kobold throws a stone.
The stone closely misses you. The adder bites you but does no damage.
You closely miss the adder. The adder bites you. You block the adder's attack.
Your scale mail prevents you from hitting the adder.
The adder bites you.
Your shield and scale mail prevent you from hitting the adder.
The adder bites you. x2
You are poisoned.
The adder poisons you!
Your shield and scale mail prevent you from hitting the adder.
You feel sick. You block the adder's attack.
You barely miss the adder.
You feel sick. The adder barely misses you. The adder bites you.
* * * LOW HITPOINT WARNING * * *
You feel sick. The adder bites you but does no damage.
Your shield prevents you from hitting the adder.
You block the adder's attack.
You hit the adder. You block the adder's attack. The adder barely misses you.
You closely miss the adder.
You feel sick. The adder bites you but does no damage.
You closely miss the adder. The adder bites you.
* * * LOW HITPOINT WARNING * * *
The adder bites you.
* * * LOW HITPOINT WARNING * * *
You are more poisoned.
The adder poisons you!
You closely miss the adder.
You feel sick. You block the adder's attack.
You barely miss the adder. The adder bites you.
* * * LOW HITPOINT WARNING * * *
You are lethally poisoned!
The adder poisons you!
Unknown command.
Okay, then.
You feel very mighty all of a sudden.
* * * LOW HITPOINT WARNING * * *
You feel sick. The adder bites you.
* * * LOW HITPOINT WARNING * * *
You are more poisoned.
The adder poisons you! The adder bites you but does no damage.
Unknown command.
You closely miss the adder.
* * * LOW HITPOINT WARNING * * *
You feel sick. The adder closely misses you.
Unknown command.
You closely miss the adder.
* * * LOW HITPOINT WARNING * * *
You feel sick. The adder barely misses you. x2
Unknown command.
You completely miss the adder.
You die...

...##...##...........#
.....................#
.####................#
......##.............#
.###..##.####........###.
.####.##.####.............
#..........#.........#...
#...........(##.$........
##.....#####..##@##....#..
#....### #..##S#..#.....
#.###### #....K.........
.......# #...#...(......!
#.####.............†...#..
#.## ##...#......###
#..########...........#
.#(..†[...#.........#...
>.##......#...##.##.###..


You could see an adder and a kobold.

Vanquished Creatures
  3 adders
  An ooze (D:2)
  3 dart slugs
  2 leopard geckos (D:1)
  5 giant cockroaches
  6 goblins (D:1)
  3 hobgoblins
  3 jackals (D:1)
  A quokka (D:1)
  7 bats
  3 frilled lizards
  5 kobolds
  2 rats (D:1)
44 creatures vanquished.

Notes
Turn   | Place    | Note
-------+----------+-------------------------------------------
     0 | D:1      | MalarOregon the Merfolk Fighter began the quest for the
                  | Orb.
     0 | D:1      | Reached XP level 1. HP: 18/18 MP: 1/1
    45 | D:1      | Reached XP level 2. HP: 23/24 MP: 2/2
   511 | D:1      | Reached skill level 4 in Polearms
   597 | D:1      | Reached XP level 3. HP: 29/29 MP: 3/3
  1181 | D:1      | Reached XP level 4. HP: 33/35 MP: 4/4
  1214 | D:1      | Reached skill level 5 in Polearms
  1475 | D:2      | HP: 1/35 [poisoned by an adder]
  1476 | D:2      | Succumbed to an adder's poison

Levels and vault maps discovered:
D:1:      dpeg_arrival_fog, layout_loops_corners
D:2:      layout_rooms

Skill      XL: |  1  2  3  4 |
---------------+-------------+-----
Polearms       | 4 5 |  5.1
Shields        | 4 |  4.2
Fighting       | |  3.2
Armour         | |  2.1

Action                   |  1- 3 |  4- 6 || total
-------------------------+-------+-------++-------
Melee: Trident           |   128 |    39 ||   167
  Use: Potion            |       |     1 ||     1
  Eat: Chunk             |     1 |     1 ||     2
Armor: Scale mail        |    77 |    18 ||    95
Dodge: Dodged            |    25 |    16 ||    41
Block: Shield            |    65 |    22 ||    87

Table legend:
 A = Non-vault XP
 B = Vault XP
 C = Vault XP percentage of total XP
 D = Non-vault monster count
 E = Vault monster count
 F = Vault count percentage of total count
                 A         B        C        D         E       F
            +---------+---------+-------+---------+---------+-------
      Total |     122 |       0 |   0.0 |      44 |       0 |   0.0
            +---------+---------+-------+---------+---------+-------
        D:1 |      88 |       0 |   0.0 |      34 |       0 |   0.0
        D:2 |      34 |       0 |   0.0 |      10 |       0 |   0.0
            +---------+---------+-------+---------+---------+-------
